 Dungeon Crawl Stone Soup version 0.30.0 (webtiles) character file.

Game seed: 1527477363466114309

207 Dani the Chopper (level 5, 41/41 HPs)
             Began as a Demonspawn Fighter on May 20, 2023.
             Quit the game on level 3 of the Dungeon.
             The game lasted 00:03:28 (1661 turns).

Dani the Chopper (Demonspawn Fighter)               Turns: 1661, Time: 00:03:29

Health: 41/41      AC:  7    Str: 16    XL:     5   Next: 54%
Magic:  5/5        EV: 10    Int: 12    God:
Gold:   155        SH:  4    Dex: 12    Spells: 4/4 levels left

rFire   . . .        a - +0 war axe
rCold   . . .        c - +0 buckler
rNeg    . . .        b - +1 scale mail
rPois   +            (no helmet)
rElec   .            (no cloak)
rCorr   .            (no gloves)
SInv    .            (no boots)
Will    .....        (no amulet) Stlth
                     o - ring of poison resistance
HPRegen 0.26/turn    (no ring)
MPRegen 0.09/turn

%: no passive effects
@: no status effects
A: hooves 1, repulsion field 1, spiny 1
a: no special abilities


You were on level 3 of the Dungeon.
You visited 1 branch of the dungeon, and saw 3 of its levels.

You collected 155 gold pieces.

Inventory:

Hand Weapons
 a - a +0 war axe (weapon)
Armour
 b - a +1 scale mail (worn)
 c - a +0 buckler (worn)
Jewellery
 o - a ring of poison resistance (left hand)
   (You found it on level 3 of the Dungeon)
Wands
 f - a wand of mindburst (12)
   (You found it on level 3 of the Dungeon)
Scrolls
 R - 4 scrolls of identify {@r1}
Potions
 d - a potion of might
 e - a potion of brilliance {unknown}
 g - 3 potions of lignification {unknown}
 h - a potion of curing {unknown}
 j - a potion of mutation {unknown}


   Skills:
 - Level 3.0 Fighting
 + Level 5.3 Axes
 - Level 2.6 Armour
 - Level 2.6 Shields


You had 4 spell levels left.
You didn't know any spells.
Your spell library contained the following spells:

 Spells                   Type           Power      Damage    Failure   Level
 Apportation              Tloc           0%         N/A       83%         1
 Necrotise                Necr           0%         1d4       83%         1
 Summon Small Mammal      Summ           0%         N/A       83%         1
 Poisonous Vapours        Pois/Air       0%         N/A       93%         2
 Mephitic Cloud           Conj/Pois/Air  0%         N/A       99%         3
 Freezing Cloud           Conj/Ice/Air   0%         6-21      100%        5


Dungeon Overview and Level Annotations

Branches:
Dungeon (3/15)

Altars:
Qazlal


Innate Abilities, Weirdness & Mutations

You have large cloven feet.
You are surrounded by a mild repulsion field. (EV +2)
You are partially covered in sharp spines.


Message History

There are monsters nearby!
You barely miss the orc. You kick the orc.
The orc is moderately wounded.
You block the orc's attack.
There are monsters nearby!
You hit the orc.
The orc is heavily wounded.
You hit the orc but do no damage. The orc barely misses you. x2
The quokka closely misses you.
There are monsters nearby!
You hit the orc. You kick the orc, but do no damage.
The orc is heavily wounded.
You hit the quokka but do no damage. You hit the orc.
You block the quokka's attack. The orc hits you with a +0 club.
The orc hits you with a +0 war axe.
There are monsters nearby!
You barely miss the orc. Your kick misses the orc.
The orc is severely wounded.
You hit the orc.
You kill the orc!
You slash the quokka!
You kill the quokka!
The orc is struck by your spines.
You kill the orc!
Key pressed, stopping explore.
No target in view!
Key pressed, stopping explore.
No target in view!
Key pressed, stopping explore.
No target in view!
Key pressed, stopping explore.
Found a hand axe.
Key pressed, stopping explore.
You see here a +0 hand axe.
Key pressed, stopping explore.
Found a stone staircase leading down.
No target in view!
A quokka comes into view.
A quokka is nearby!
A quokka is nearby!
You block the quokka's attack. The quokka closely misses you.
A quokka is nearby!
You hit the quokka. Your kick misses the quokka.
The quokka is almost dead.
The quokka is struck by your spines.
You kill the quokka!
You now have 124 gold pieces (gained 10).
Key pressed, stopping explore.
No target in view!
Key pressed, stopping explore.
No target in view!
You now have 127 gold pieces (gained 3).
Key pressed, stopping explore.
No target in view!
Key pressed, stopping explore.
No target in view!
Key pressed, stopping explore.
No target in view!
Found a stone staircase leading up.
Key pressed, stopping explore.
No target in view!
Key pressed, stopping explore.
No target in view!
Found a whip.
No target in view!
R - 4 scrolls of identify {@r1} (gained 1) Key pressed, stopping explore.
Key pressed, stopping explore.
Found a whip.
You see here a +0 whip.
Key pressed, stopping explore.
You see here a +0 whip.
Key pressed, stopping explore.
Key pressed, stopping explore.
Found a stone staircase leading up.
You now have 140 gold pieces (gained 13).
You now have 155 gold pieces (gained 15).
o - a ring of poison resistance Key pressed, stopping explore.
Key pressed, stopping explore.
You see here a quokka corpse.
Key pressed, stopping explore.
o - a ring of poison resistance (left hand)
An endoplasm comes into view.
An endoplasm is nearby!
An endoplasm is nearby!
An endoplasm is nearby!
An endoplasm is nearby!
The endoplasm freezes you.
You are frozen.
You hit the endoplasm. You kick the endoplasm.
You kill the endoplasm!
No target in view!
Key pressed, stopping explore.
No target in view!
Key pressed, stopping explore.
Key pressed, stopping explore.
You pick up a book of Vapours and begin reading...
You add the spells Poisonous Vapours, Mephitic Cloud and Freezing Cloud to your library.
Are you sure you want to abandon this character and quit the game? (Confirm with "yes".)

####......##.#
####......# ###
#..###...
...###.####...
#...........# ##
##.....######
.###......#
##..##......# #
##@.###......######
#..##.##...........
##..#.#......######
##..........#
.#.#...####....#
#............####
###.....######
#######


There were no monsters in sight!

Vanquished Creatures
  An orc priest (D:3)
  Robin (D:2)
  7 adders (D:2)
  3 dart slugs
  6 orcs
  9 endoplasms
  3 giant cockroaches
  14 goblins
  5 hobgoblins
  6 jackals (D:1)
  7 kobolds
  3 quokkas
  4 ball pythons
  9 bats
  2 frilled lizards
  5 rats
85 creatures vanquished.

Notes
Turn   | Place    | Note
-------+----------+-------------------------------------------
     0 | D:1      | Dani the Demonspawn Fighter began the quest for the Orb.
     0 | D:1      | Reached XP level 1. HP: 18/18 MP: 1/1
    23 | D:1      | Reached skill level 2 in Axes
    51 | D:1      | Gained mutation: You have large cloven feet. [demonic
                  | ancestry]
    51 | D:1      | Reached XP level 2. HP: 20/24 MP: 2/2
   187 | D:1      | Reached skill level 3 in Axes
   260 | D:1      | Gained mutation: You are partially covered in sharp spines.
                  | [demonic ancestry]
   260 | D:1      | Reached XP level 3. HP: 29/29 MP: 3/3
   725 | D:2      | Reached skill level 4 in Axes
   725 | D:2      | Reached XP level 4. HP: 35/35 MP: 4/4
  1147 | D:2      | Found a stormy altar of Qazlal.
  1147 | D:2      | Noticed Robin
  1157 | D:2      | Gained mutation: You are surrounded by a mild repulsion
                  | field. (EV +2) [demonic ancestry]
  1157 | D:2      | Reached XP level 5. HP: 27/41 MP: 5/5
  1161 | D:2      | Killed Robin
  1272 | D:3      | Reached skill level 5 in Axes
  1661 | D:3      | Quit the game

Illustrated notes

Levels and vault maps discovered:
D:1:      dpeg_arrival_fog, layout_rooms, glass_columns_a,
          minmay_misc_feat_plants
D:2:      layout_rooms, basic_altar, chequers_avenue, uniq_robin
D:3:      layout_rooms, minmay_between

Skill      XL: |  1  2  3  4  5 |
---------------+----------------+-----
Axes           | 2 3 4 5 |  5.3
Fighting       | |  3.0
Armour         | |  2.6
Shields        | |  2.6

Action                     |  1- 3 |  4- 6 || total
---------------------------+-------+-------++-------
  Melee: War axe           |    85 |    56 ||   141
         Kick              |     4 |    13 ||    17
    Use: Scroll            |     5 |     4 ||     9
 Armour: Scale mail        |    77 |    24 ||   101
  Dodge: Dodged            |    50 |    19 ||    69
  Block: Buckler           |    35 |    16 ||    51

Levels and vault maps discovered:
D:1:      dpeg_arrival_fog, layout_rooms, glass_columns_a,
          minmay_misc_feat_plants
D:2:      layout_rooms, basic_altar, chequers_avenue, uniq_robin
D:3:      layout_rooms, minmay_between

Table legend: (Time is in decaauts)
 A = Elapsed time spent in this place.
 B = Non-inter-level travel time spent in this place.
 C = Inter-level travel time spent in this place.
 D = Time resting spent in this place.
 E = Time spent auto-exploring this place.
 F = Levels seen in this place.
 G = Mean time per level.
                   A        B        C        D        E       F      G
               +--------+--------+--------+--------+--------+-----+--------+
         Total |   1711 |   1688 |     23 |      0 |   1292 |   3 |  570.3 |
       Dungeon |   1711 |   1688 |     23 |      0 |   1292 |   3 |  570.3 |
               +--------+--------+--------+--------+--------+-----+--------+

Top non-repeatable levels by time:
     D:1: 669 daAuts
     D:2: 635 daAuts
     D:3: 406 daAuts

Table legend:
 A = Kills in this place as a percentage of kills in the entire game.
 B = Kills by you in this place as a percentage of kills by you in the entire game.
 C = Kills by friends in this place as a percentage of kills by friends in the entire game.
 D = Other kills in this place as a percentage of other kills in the entire game.
 E = Experience gained in this place as a percentage of experience gained in the entire game.
 F = Experience gained in this place divided by the number of levels of this place that you have seen.
                   A       B       C       D       E      F
               +-------+-------+-------+-------+-------+----------------------
         Total | 100.0 | 100.0 |   N/A |   N/A | 100.0 |  99.0
       Dungeon | 100.0 | 100.0 |   N/A |   N/A | 100.0 |  99.0
               +-------+-------+-------+-------+-------+----------------------
